 Dungeon Crawl Stone Soup version 0.17-a0-2118-g63bad21 (webtiles) character file.

7 Duffy the Sneak (level 2, 0/27 HPs)
             Began as a Naga Assassin on Oct 20, 2015.
             Slain by a jackal (1 damage)
             ... on level 1 of the Dungeon.
             The game lasted 00:00:21 (181 turns).

Duffy the Sneak (Naga Assassin)                      Turns: 181, Time: 00:00:21

Health: 0/27       AC:  2    Str: 13    XL:     2   Next: 0%
Magic:  2/2        EV:  9    Int: 11    God:
Gold:   12         SH:  0    Dex: 12    Spells: 0 memorised, 1 level left

rFire  . . .     SeeInvis +     a - +2 dagger
rCold  . . .     Clarity  .     c - +0 robe
rNeg   . . .     SustAt   .     (no shield)
rPois  +         Gourm    .     (no helmet)
rElec  .         Spirit   .     d - +0 cloak
rCorr  .         Warding  .     (no gloves)
rMut   .         Stasis   .     (no barding)
MR     .....                    (no amulet)
Stlth  +++.......               (no ring)
                                (no ring)

@: very slow, not resistant to hostile enchantments, fairly stealthy
A: see invisible, deformed body, poison resistance, slowness 2, slow metabolism
1, spit poison 2, AC +0
a: Spit Poison


You were on level 1 of the Dungeon.
You were not hungry.

You visited 1 branch of the dungeon, and saw 1 of its levels.

You collected 12 gold pieces.


Innate Abilities, Weirdness & Mutations

You cannot wear boots.
Your serpentine skin is tough (AC +0).
You have supernaturally acute eyesight.
Armour fits poorly on your strangely shaped body.
Your system is resistant to poisons.
You cover ground very slowly.
You have a slow metabolism.
You can spit poison.


   Skills:
 + Level 2.6 Fighting
 - Level 2.0 Short Blades
 - Level 1.7 Throwing
 - Level 0.7 Dodging
 - Level 5.8 Stealth


You had one spell level left.
You didn't know any spells.

Inventory:

Hand Weapons
 a - a +2 dagger (weapon)
 b - a +0 blowgun
Missiles
 e - 18 poisoned needles
 f - 2 curare-tipped needles
Armour
 c - a +0 robe (worn)
 d - a +0 cloak (worn)
Scrolls
 h - a scroll of enchant armour {unknown}
 i - a scroll of remove curse {unknown}
 j - a scroll of enchant weapon {unknown}
 k - a scroll of recharging {unknown}
Comestibles
 g - a bread ration

Dungeon Overview and Level Annotations

Branches:
Dungeon (1/15)

Altars:


Message History

You are too injured to fight recklessly!
You are too injured to fight recklessly!
You are too injured to fight recklessly!
You are too injured to fight recklessly!
You are too injured to fight recklessly!
You are too injured to fight recklessly!
You are too injured to fight recklessly!
You are too injured to fight recklessly!
You are too injured to fight recklessly!
You are too injured to fight recklessly!
You are too injured to fight recklessly!
You are too injured to fight recklessly!
You are too injured to fight recklessly!
You are too injured to fight recklessly!
You are too injured to fight recklessly!
You are too injured to fight recklessly!
You are too injured to fight recklessly!
You hit the jackal.
You kill the jackal!
You have reached level 2!
The jackal closely misses you.
The jackal bites you but does no damage.
The jackal barely misses you. The giant newt bites you.
You hit the jackal but do no damage. The jackal bites you.
The jackal barely misses you. The jackal completely misses you.
The rat barely misses you. The giant newt barely misses you.
You hit the jackal but do no damage. The jackal closely misses you.
The jackal closely misses you.
The jackal bites you but does no damage. x2
The giant newt bites you. The jackal barely misses you.
The rat bites you but does no damage.
You hit the jackal.
The jackal is moderately wounded.
The jackal bites you. x2
You die...

#...............
................
#)..............
#...!..........
#............
#..........#
#.#......l†h.#
#........r@h.#
#...%.....h.#
#.####'######
#.# #..####.#
#.......#
###.###.# #
#.###########.
#.
#.)..#........


You could see 3 jackals, a giant newt and a rat.

Action                   || total
-------------------------++-------
Melee: Dagger            ||    17
 Stab: Sleeping          ||     2

Notes
Turn   | Place    | Note
--------------------------------------------------------------
     0 | D:1      | Duffy the Naga Assassin began the quest for the Orb.
     0 | D:1      | Reached XP level 1. HP: 19/19 MP: 1/1
   178 | D:1      | Reached XP level 2. HP: 8/27 MP: 2/2
   181 | D:1      | Slain by a jackal

Vault maps used:
D:1:      dpeg_arrival_houses_and_road, st_stairs_5

Vanquished Creatures
  A giant gecko
  2 goblins
  A jackal
  A bat
5 creatures vanquished.
